 Dungeon Crawl Stone Soup version 0.31-a0-986-g5e6e4ef867 (webtiles) character file.

Game seed: 7171797861457807691

49 miscthings the Changeling (level 3, -7/15 (16) HPs)
             Began as an Octopode Shapeshifter on Nov 22, 2023.
             Mangled by Crazy Yiuf
             ... wielding a +2 quarterstaff of chaos
              (11 damage)
             ... on level 2 of the Dungeon.
             The game lasted 00:01:57 (846 turns).

miscthings the Changeling (Octopode Shapeshifter)    Turns: 846, Time: 00:01:58

HP:   -7/15 (16)    AC:  1    Str: 15    XL:     3   Next: 77%
MP:   3/3           EV: 13    Int: 12    God:
Gold: 56            SH:  0    Dex: 11    Spells: 2/2 levels left

rFire   . .          .
                       - Unarmed
rCold   . . .        (shield currently unavailable)
rNeg    . . .        (helmet restricted)
rPois   .            (no amulet)
rElec   .            (no ring)
rCorr   .            (no ring)
SInv    .            (no ring)
Will    .....        (no ring)
Stlth   +            (no ring)
HPRegen 0.22/turn    (no ring)
MPRegen 0.08/turn    (no ring)
                     (no ring)

%: no passive effects
@: flux-form, glowing, lightly drained
A: glow, contaminating, reduced hp, almost no armour, amphibious, 8 rings,
camouflage 1, gelatinous body 1, (nimble swimmer 1), tentacles
a: Begin Untransformation


You were on level 2 of the Dungeon.
You were something dangerously unstable.
You visited 1 branch of the dungeon, and saw 2 of its levels.

You collected 56 gold pieces.

Inventory:

Talismans
 b - a beast talisman
 c - a flux talisman (active)
 i - a dragon-blood talisman
Scrolls
 e - 2 scrolls of identify {unknown}
 f - a scroll of silence {unknown}
 h - a scroll of amnesia {unknown}
 l - a scroll of fog {unknown}
Potions
 a - a potion of lignification
 d - a potion of curing {unknown}
 g - a potion of heal wounds {unknown}
 j - a potion of resistance {unknown}
 k - a potion of might {unknown}


   Skills:
 - Level 1.0 Fighting
 - Level 2.0 Dodging
 - Level 0.8 Stealth
 - Level 3.3 Unarmed Combat
 + Level 4.1 Shapeshifting


You had 2 spell levels left.
You didn't know any spells.
Your spell library was empty.

Dungeon Overview and Level Annotations

Branches:
Dungeon (2/15)

Altars:

Shops:
D:1 :

Annotations:
D:2 Crazy Yiuf


Innate Abilities, Weirdness & Mutations

You are something dangerously unstable.
You glow with magical radiation, making you easy to see and hit.
Foes you strike become dangerously contaminated with magical radiation.
Your maximum health is decreased, since you lack skill for your form.
You are incapable of wielding weapons or throwing items.
You cannot wear most types of armour.
You are amphibious.
You can wear up to eight rings at the same time.
Your skin changes colour to match your surroundings (Stealth+).
Your rubbery body absorbs attacks. (AC +1, EV +1)
((You are camouflaged when in or above water. (Stealth+)))
You have tentacles for arms and can constrict up to eight enemies at once.


Message History

You feel sick.
You are no longer poisoned.
l - a scroll labelled WADDIU LONYQ
Found a stone staircase leading up.
There is a stone staircase leading up here.
A bat comes into view.
A bat is nearby!
The bat hits you but does no damage. The bat barely misses you.
You tentacle-slap the bat.
You kill the bat!
No target in view!
No target in view!
No target in view!
No target in view!
No target in view!
No target in view!
You see here a +0 falchion.
Found four hammers.
Found a runed translucent door.
Found a hammer.
Crazy Yiuf shouts!
You see here a +0 hammer.
You see here a +0 hammer.
You open the door.
You tentacle-slap Crazy Yiuf but do no damage.
Crazy Yiuf begins to glow.
You grab Crazy Yiuf. You squeeze Crazy Yiuf.
Crazy Yiuf is lightly wounded.
You constrict Crazy Yiuf.
Crazy Yiuf hits you with a +2 quarterstaff of chaos!
Ouch! That really hurt!
You feel drained.
* * * LOW HITPOINT WARNING * * *
You tentacle-slap Crazy Yiuf but do no damage.
Crazy Yiuf glows dangerously bright.
You squeeze Crazy Yiuf, but do no damage.
Crazy Yiuf is lightly wounded.
You constrict Crazy Yiuf.
Crazy Yiuf says, "Crazy?
Crazy!?
PORCUPINE!"
Crazy Yiuf hits you with a +2 quarterstaff of chaos!
Ouch! That really hurt!
You die...

#.#.# #.##..###
#.#. #####
###.....###.#. ####
#.........#. #.#
#..# #####
##..#.#####. #.#
#.## #)..# #..#.#
#. #.###.## #.).#
#..#.# #. #.##...#
).. ##..#.#####.
#.##..## #g#
#....†......
#.##..# ♣p♣♣
##......####
#.##..## ♣♣)♣
#.....#.# #......#
♣)♣♣ #...#.#.#
#.##..## ♣♣.♣
#...#.#># #.##..#
♣♣.♣♣ #.....#.#
#.##..## ♣♣...♣
#[...##.# #<##...#
♣....♣ #....##.####
#.#....# #....#
#....##.#...
#.##...##
#....###....##.#.##


You could see Crazy Yiuf (heavy contam).

Vanquished Creatures
  2 adders (D:2)
  A dart slug (D:2)
  An endoplasm (D:2)
  A giant cockroach (D:2)
  4 goblins
  A hobgoblin (D:1)
  5 kobolds
  2 quokkas
  5 ball pythons
  5 bats
  3 rats (D:2)
30 creatures vanquished.

Notes
Turn   | Place    | Note
-------+----------+-------------------------------------------
     0 | D:1      | miscthings the Octopode Shapeshifter began the quest for
                  | the Orb.
     0 | D:1      | Reached XP level 1. HP: 13/13 MP: 1/1
   137 | D:1      | Found Tiawnuxt's Book Shop.
   146 | D:1      | Reached XP level 2. HP: 15/18 MP: 2/2
   526 | D:2      | Reached XP level 3. HP: 18/23 MP: 3/3
   777 | D:2      | Reached skill level 4 in Shapeshifting
   840 | D:2      | Found a runed translucent door.
   841 | D:2      | Noticed Crazy Yiuf
   846 | D:2      | Mangled by Crazy Yiuf

Illustrated notes

Levels and vault maps discovered:
D:1:      ldierk_walled_garden, layout_rooms, serial_shops,
          nicolae_shop_statue_plus
D:2:      layout_loops_ring, uniq_crazy_yiuf_cottage

Skill      XL: |  1  2  3 |
---------------+----------+-----
Shapeshifting  | 4 |  4.1
Fighting       | |  1.0
Dodging        | |  2.0
Stealth        | |  0.8
Unarmed Combat | |  3.3

Action                     || total
---------------------------++-------
  Melee: Unarmed           ||    57
         Constrict         ||    18
         Tentacles         ||    11
   Stab: Sleeping          ||     4
         Distracted        ||     1
 Armour: Skin              ||    20
  Dodge: Dodged            ||    29
   Form: Dragon            ||     1
         Flux              ||     1

Table legend: (Time is in decaauts)
 A = Elapsed time spent in this place.
 B = Non-inter-level travel time spent in this place.
 C = Inter-level travel time spent in this place.
 D = Time resting spent in this place.
 E = Time spent auto-exploring this place.
 F = Levels seen in this place.
 G = Mean time per level.
                   A        B        C        D        E       F      G
               +--------+--------+--------+--------+--------+-----+--------+
         Total |    842 |    819 |     23 |      0 |    576 |   2 |  421.0 |
       Dungeon |    842 |    819 |     23 |      0 |    576 |   2 |  421.0 |
               +--------+--------+--------+--------+--------+-----+--------+

Top non-repeatable levels by time:
     D:2: 455 daAuts
     D:1: 387 daAuts
